 Dungeon Crawl Stone Soup version 0.23.2-1-ga50397a6bc (webtiles) character file.

Game seed: 2351862636783847154

18504 FluffierThanThou the Blocker (level 12, -1/110 HPs)
             Began as a Minotaur Fighter on May 21, 2019.
             Was a High Priest of Okawaru.
             Slain by a salamander
             ... wielding a +0 glaive
              (15 damage)
             ... in a volcano.
             The game lasted 00:33:50 (10758 turns).

FluffierThanThou the Blocker (Minotaur Fighter)    Turns: 10758, Time: 00:33:51

Health: -1/110     AC: 19    Str: 31    XL:     12   Next: 28%
Magic:  10/18      EV: 13    Int:  9    God:    Okawaru [*****.]
Gold:   752        SH: 17    Dex:  9    Spells: 11/11 levels left

rFire    . . .     SeeInvis +   a - +0 long sword
rCold    x . .     Gourm    .   o - +2 shield
rNeg     + . .     Faith    .   I - +2 ring mail {rPois}
rPois    +         Spirit   .   J - +1 hat {SInv}
rElec    .         Reflect  .   u - +0 cloak {MR+}
rCorr    .         Harm     .   v - +1 pair of gloves of Fallacy {rC- rN+ Str+4 Int+4}
MR       +....                  t - +0 pair of boots
Stlth    ++........             q - amulet of regeneration
HPRegen  0.68/turn              g - +3 ring of slaying
MPRegen  0.16/turn              p - ring of poison resistance

@: heroism, finesse
A: retaliatory headbutt, hooves 1, horns 2, molten scales 1, see invisible,
poison resistance
a: Heroism, Finesse, Renounce Religion


You were in a volcano.
You worshipped Okawaru.
Okawaru was extremely pleased with you.
You were not hungry.

You visited 3 branches of the dungeon, and saw 15 of its levels.
You also visited: Volcano.

You collected 752 gold pieces.

Inventory:

Hand Weapons
 a - a +0 long sword (weapon)
 G - a +0 flail
   (You took it off a gargoyle on level 10 of the Dungeon)
Missiles
 E - 2 throwing nets (quivered) {!f}
Armour
 o - a +2 shield (worn)
   (You found it on level 5 of the Dungeon)
 t - a +0 pair of boots (worn)
   (You found it on level 4 of the Dungeon)
 u - a +0 cloak of magic resistance (worn)
   (Okawaru gifted it to you on level 11 of the Dungeon)
 v - the +1 pair of gloves of Fallacy (worn) {rC- rN+ Str+4 Int+4}
   (You found it on level 4 of the Dungeon)

   It affects your strength (+4).
   It affects your intelligence (+4).
   It makes you vulnerable to cold.
   It protects you from negative energy.
 I - a +2 ring mail of poison resistance (worn)
   (You found it on level 11 of the Dungeon)
 J - a +1 hat of see invisible (worn)
   (You took it off Gastronok on level 10 of the Dungeon)
Jewellery
 g - a +3 ring of slaying (left hand)
   (You found it on level 1 of the Dungeon)
 l - an uncursed ring of protection from magic
   (You found it on level 4 of the Dungeon)
 p - a ring of poison resistance (right hand)
   (You found it on level 2 of the Dungeon)
 q - an amulet of regeneration (around neck)
   (You found it on level 6 of the Dungeon)
 H - an uncursed ring of resist corrosion
   (You found it on level 10 of the Dungeon)
 M - an uncursed amulet of faith {unknown}
   (You found it on level 1 of the Lair of Beasts)
Wands
 b - a wand of scattershot (3)
   (You found it on level 1 of the Lair of Beasts)
 c - a wand of disintegration (12)
   (You took it off an orc on level 5 of the Dungeon)
 j - a wand of enslavement (8)
   (You found it on level 11 of the Dungeon)
 n - a wand of polymorph (14)
   (You found it on level 5 of the Dungeon)
 s - a wand of paralysis (6)
   (You found it on level 6 of the Dungeon)
 A - a wand of acid (8)
   (You found it on level 11 of the Dungeon)
 D - a wand of iceblast (9)
   (You found it on level 1 of the Lair of Beasts)
Scrolls
 d - a scroll of amnesia
 h - 3 scrolls of magic mapping
 i - 3 scrolls of remove curse {@r2}
 k - 9 scrolls of teleportation {@r4}
 m - 4 scrolls of identify {@r1}
 r - 3 scrolls of random uselessness
 w - 3 scrolls of immolation {!r}
 y - 2 scrolls of enchant weapon
 B - a scroll of holy word
 F - a scroll of fog
 N - a scroll of enchant armour {unknown}
Potions
 e - 2 potions of degeneration {!q}
 x - a potion of mutation {!q}
 z - 2 potions of berserk rage
 C - a potion of cancellation
 K - 2 potions of flight {unknown}
 L - 2 potions of brilliance {unknown}
 O - a potion of might
Comestibles
 f - 15 rations {!d}


   Skills:
 + Level 11.3(16.3) Fighting
 + Level 11.1(16.1) Long Blades
 + Level 11.4(16.4) Armour
 + Level 11.4(16.4) Shields
 * Level 9.3 Invocations


You had 11 spell levels left.
You didn't know any spells.
Your spell library contained the following spells:

 Spells                   Type           Power        Failure   Level  Hunger
 Apportation              Tloc           #.....       45%         1    ##.....
 Beastly Appendage        Tmut           #.....       45%         1    ##.....
 Summon Butterflies       Summ           #.......     45%         1    ##.....
 Sticks to Snakes         Tmut           #.......     58%         2    ###....
 Call Canine Familiar     Summ           #.......     83%         3    ####...
 Lesser Beckoning         Tloc           #.........   83%         3    ####...
 Spider Form              Tmut/Pois      #.........   83%         3    ####...
 Tukima's Dance           Hex            #.......     83%         3    ####...
 Ice Form                 Ice/Tmut       #.......     99%         4    #####..
 Summon Ice Beast         Ice/Summ       #.......     99%         4    #####..
 Alistair's Intoxication  Tmut/Pois      #.......     100%        5    ######.
 Blade Hands              Tmut           #.........   100%        5    ######.
 Iskenderun's Battlesphe  Conj/Chrm      #.......     100%        5    ######.
 Summon Mana Viper        Hex/Summ       #.......     100%        5    ######.
 Deflect Missiles         Chrm/Air       #.........   100%        6    #######
 Invisibility             Hex            #.......     100%        6    #######
 Summon Hydra             Summ           #.........   100%        7    #######


Dungeon Overview and Level Annotations

Branches:
Dungeon (12/15)            Temple (1/1) D:6            Lair (2/6) D:10
  Swamp: Lair:2-4    Shoals: Lair:2-4     Snake: Lair:2-4    Spider: Lair:2-4
    Orc: D:9-12

Altars:
Ashenzari
Cheibriados
Dithmenos
Elyvilon
Fedhas
Gozag
Hepliaklqana
Kikubaaqudgha
Makhleb
Nemelex Xobeh
Okawaru
Qazlal
Ru
Sif Muna
Trog
Uskayaw
Vehumet
Wu Jian
Xom
Yredelemnul
Zin
The Shining One

Annotations:
D:7 3 runed translucent doors, stillor's ghost, novice GrEE
D:9 3 runed translucent doors, exclusion: obsidian statue


Innate Abilities, Weirdness & Mutations

You reflexively headbutt those who attack you in melee.
You have a pair of horns on your head.
You have large cloven feet.
You are partially covered in molten scales. (AC +2)
You have supernaturally acute eyesight. (SInv)
Your system is resistant to poisons. (rPois)


Message History

The salamander drinks a potion.
The salamander goes berserk!
You hit the salamander. You headbutt the salamander!
The salamander barely misses you.
You slash the salamander! You hit the salamander mystic.
You slash the salamander mystic! You headbutt the salamander mystic.
You block the salamander mystic's attack.
The salamander misses you.
You hit the salamander mystic. You headbutt the salamander mystic!
The salamander mystic points at the salamander and mumbles some strange words.
The salamander seems to speed up.
You hit the salamander mystic but do no damage.
You headbutt the salamander mystic. You block the salamander's attack.
The salamander mystic gestures at the salamander while chanting.
The salamander seems to speed up.
You hit the salamander mystic but do no damage.
The salamander hits you from afar with a +0 glaive.
You are engulfed in flames!
The salamander mystic hits you but does no damage.
You slash the salamander mystic!
Your headbutt misses the salamander mystic.
The salamander hits you from afar with a +0 glaive!
You are engulfed in flames!
* * * LOW HITPOINT WARNING * * *
You gain the combat prowess of a mighty hero.
The salamander mystic points at you and mumbles some strange words.
The bolt of magma hits you.
* * * LOW HITPOINT WARNING * * *
You block the salamander's attack.
You can now deal lightning-fast blows.
You can no longer speed up your combat.
Okawaru will no longer gift you equipment.
The salamander mystic gestures at you while chanting.
You block the orb of energy.
The orb of energy explodes!
You block the salamander's attack.
You hit the salamander mystic. You headbutt the salamander mystic!
You block the salamander mystic's attack.
You block the salamander's attack.
You hit the salamander mystic.
You kill the salamander mystic!
Okawaru is honoured by your kill.
You can now speed up your combat.
Okawaru will now gift you equipment as you gain piety.
The salamander hits you with a +0 halberd of protection!!
* * * LOW HITPOINT WARNING * * *
You are engulfed in flames!
* * * LOW HITPOINT WARNING * * *
The salamander hits you with a +0 glaive.
* * * LOW HITPOINT WARNING * * *
You are engulfed in flames!
You die...

## §## ###§§#
##§≈≈§##
##≈§≈≈≈≈##
#≈≈§).≈≈.# #$.N=)#
##@N!# #.#∩#[#
##.### ##
######.##### #..#
.......§....###..#
.≈§≈≈§§§.§.....#
≈≈≈≈§§≈§≈....###
§≈≈§§§≈≈≈§≈....#
≈≈§§§≈≈≈≈≈....##


You could see 2 salamanders.

Vanquished Creatures
  Gastronok (D:10)
  Harold (D:10)
  2 two-headed ogres (D:8)
  A salamander mystic (Volcano)
  An orc knight (D:10)
  An ugly thing (D:11)
  A gargoyle (D:10)
  2 centaur skeletons
  A spiny frog (Lair:2)
  5 komodo dragons
  3 blink frogs (Lair:1)
  3 trolls
  A hornet (D:9)
  4 hippogriffs
  Grinder (D:6)
  Prince Ribbit (D:6)
  Sigmund (D:6)
  A wyvern (D:10)
  2 yaks (D:10)
  A hungry ghost (D:11)
  Menkaure (D:5)
  2 soldier ants (D:9)
  Duvessa (D:6)
  2 water moccasins
  4 orc warriors
  5 sky beasts
  4 ice beasts
  A black bear (D:9)
  An eye of draining (D:11)
  5 wolves (D:10)
  4 phantoms
  6 ogres
  8 centaurs
  3 crocodiles
  2 big kobolds
  7 bullfrogs
  Dowan (D:6)
  4 scorpions
  11 killer bees (D:11)
  8 howler monkeys
  8 wights
  2 electric eels (D:10)
  4 crimson imps
  2 bullfrog zombies
  A quasit (D:8)
  A gnoll shaman (D:4)
  11 hounds
  2 jellies
  A bullfrog skeleton (D:6)
  6 orc priests
  17 orc wizards
  9 iguanas
  4 worker ants
  A killer bee zombie (D:10)
  3 hound skeletons
  A hound zombie (D:11)
  3 worker ant zombies
  2 howler monkey skeletons
  15 gnolls
  12 adders
  A shadow imp (D:10)
  An ooze (D:4)
  3 adder skeletons
  3 worms
  A dart slug (D:1)
  5 leopard geckos
  42 orcs
  6 giant cockroaches
  5 goblins
  11 hobgoblins
  8 jackals
  4 quokkas
  3 ball pythons
  8 bats
  4 frilled lizards
  18 kobolds
  A leopard gecko skeleton (D:4)
  4 rats
  A bush (D:7)
  A plant (Lair:1)
349 creatures vanquished.

Vanquished Creatures (others)
  A sky beast (D:5)
1 creature vanquished.

Grand Total: 350 creatures vanquished

Notes
Turn   | Place    | Note
-------+----------+-------------------------------------------
     0 | D:1      | FluffierThanThou the Minotaur Fighter began the quest for
                  | the Orb.
     0 | D:1      | Reached XP level 1. HP: 19/19 MP: 0/0
   254 | D:1      | Reached XP level 2. HP: 27/27 MP: 1/1
   790 | D:2      | Reached XP level 3. HP: 33/33 MP: 2/2
  1391 | D:3      | Found a faded altar of an unknown god.
  1398 | D:3      | Reached XP level 4. HP: 40/40 MP: 3/3
  2119 | D:4      | Reached XP level 5. HP: 14/47 MP: 4/4
  2373 | D:4      | Reached skill level 5 in Fighting
  2373 | D:4      | Reached skill level 5 in Armour
  2373 | D:4      | Reached skill level 5 in Shields
  2384 | D:4      | Reached XP level 6. HP: 27/56 MP: 5/5
  2715 | D:4      | Reached skill level 5 in Long Blades
  2715 | D:4      | Reached XP level 7. HP: 33/62 MP: 6/6
  2881 | D:4      | Got a pair of heavily runed gloves
  2887 | D:4      | Identified the +1 pair of gloves of Fallacy {rC- rN+ Str+4
                  | Int+4} (You found it on level 4 of the Dungeon)
  3074 | D:5      | Entered Level 5 of the Dungeon
  3112 | D:5      | Gained mutation: You have supernaturally acute eyesight.
                  | (SInv) [potion of mutation]
  3112 | D:5      | Gained mutation: You are partially covered in molten
                  | scales. (AC +2) [potion of mutation]
  3112 | D:5      | Gained mutation: You have large cloven feet. [potion of
                  | mutation]
  3112 | D:5      | Gained mutation: Your system is resistant to poisons.
                  | (rPois) [potion of mutation]
  3393 | D:5      | Reached XP level 8. HP: 54/71 MP: 7/7
  3561 | D:5      | Noticed Menkaure
  3571 | D:5      | Killed Menkaure
  3953 | D:5      | Found an iron altar of Okawaru.
  3965 | D:5      | Became a worshipper of Warmaster Okawaru
  4013 | D:6      | Found a white marble altar of Elyvilon.
  4134 | D:6      | Noticed Prince Ribbit
  4176 | D:6      | Noticed Duvessa
  4177 | D:6      | Noticed Dowan
  4182 | D:6      | Killed Duvessa
  4188 | D:6      | Killed Dowan
  4188 | D:6      | Reached * piety under Okawaru
  4188 | D:6      | Reached XP level 9. HP: 66/81 MP: 8/8
  4208 | D:6      | Killed Prince Ribbit
  4662 | D:6      | Noticed Sigmund
  4675 | D:6      | Killed Sigmund
  4742 | D:6      | Found a staircase to the Ecumenical Temple.
  4843 | Temple   | Entered the Ecumenical Temple
  5094 | D:6      | Noticed Grinder
  5100 | D:6      | Killed Grinder
  5100 | D:6      | Reached skill level 1 in Invocations
  5298 | D:7      | Reached ** piety under Okawaru
  5612 | D:7      | Found a shimmering altar of Xom.
  5689 | D:7      | Noticed stillor's ghost (novice GrEE)
  5690 | D:7      | Found a runed translucent gate.
  5693 | D:7      | Found a runed translucent gate.
  5693 | D:7      | Found a runed translucent gate.
  5877 | D:7      | Reached XP level 10. HP: 91/91 MP: 11/11
  6248 | D:8      | Noticed a two-headed ogre
  6259 | D:8      | Killed a two-headed ogre
  6277 | D:8      | Noticed a two-headed ogre
  6283 | D:8      | Killed a two-headed ogre
  6283 | D:8      | Reached *** piety under Okawaru
  6287 | D:8      | Found a stormy altar of Qazlal.
  6289 | D:8      | Found an ancient bone altar of Kikubaaqudgha.
  6426 | D:8      | Found an iron altar of Okawaru.
  6820 | D:8      | Reached skill level 5 in Invocations
  7329 | D:9      | Found a runed translucent door.
  7354 | D:9      | Found a runed translucent door.
  7368 | D:9      | Found a runed translucent door.
  7404 | D:9      | Found a runed translucent door.
  7611 | D:9      | Noticed an obsidian statue
  7623 | D:10     | Entered Level 10 of the Dungeon
  7626 | D:10     | Found a staircase to the Lair.
  7695 | D:10     | Reached skill level 10 in Shields
  7751 | D:10     | Reached skill level 10 in Armour
  7857 | D:10     | Reached skill level 10 in Fighting
  7859 | D:10     | Reached **** piety under Okawaru
  7991 | D:10     | Reached XP level 11. HP: 99/99 MP: 14/14
  8220 | D:10     | Reached skill level 10 in Long Blades
  8303 | D:11     | Noticed a green ugly thing
  8326 | D:11     | Killed a green ugly thing
  8327 | D:11     | Found a sparkling altar of Nemelex Xobeh.
  8453 | D:11     | Reached ***** piety under Okawaru
  8770 | D:11     | Received a gift from Okawaru
  9265 | D:12     | Noticed a death knight
  9364 | D:10     | Noticed an orc knight
  9407 | D:10     | Killed an orc knight
  9434 | D:10     | Identified Pejuaph's Guide on Moulding and Good Luck
  9533 | D:10     | Noticed Harold
  9548 | D:10     | Killed Harold
  9671 | D:10     | Noticed Gastronok
  9686 | D:10     | Killed Gastronok
  9686 | D:10     | Reached XP level 12. HP: 47/110 MP: 11/17
  9792 | Lair:1   | Entered Level 1 of the Lair of Beasts
 10672 | Lair:2   | Found a dark tunnel.
 10723 | Volcano  | Entered a volcano
 10758 | Volcano  | Slain by a salamander

Skill      XL: |  1  2  3  4  5  6  7  8  9 10 11 12 |
---------------+-------------------------------------+-----
Shields        | 4 5 6 7 9 10 11 | 11.4
Armour         | 4 5 6 8 9 10 11 | 11.4
Fighting       | 4 5 6 7 9 10 11 | 11.3
Long Blades    | 3 4 5 6 7 8 9 10 11 | 11.1
Invocations    | 3 6 8 9 |  9.3

Action                   |  1- 3 |  4- 6 |  7- 9 | 10-12 || total
-------------------------+-------+-------+-------+-------++-------
Melee: Long sword        |    80 |   121 |   251 |   545 ||   997
       Headbutt          |    15 |    23 |    47 |   164 ||   249
       Kick              |       |       |    94 |    32 ||   126
Invok: Heroism           |       |       |     2 |    11 ||    13
       Finesse           |       |       |       |     4 ||     4
  Use: Potion            |       |     1 |     8 |     3 ||    12
       Scroll            |       |       |     1 |    10 ||    11
  Eat: Chunk             |     2 |     4 |     7 |     5 ||    18
       Ration            |       |       |     1 |     5 ||     6
Armor: Scale mail        |    40 |    50 |    82 |   131 ||   303
       Skin              |       |       |     2 |       ||     2
       Ring mail         |       |       |       |    32 ||    32
Dodge: Dodged            |    29 |    40 |    67 |   142 ||   278
Block: Shield            |    41 |    74 |   183 |   353 ||   651
       Rpst.: Long sword |     4 |     9 |    20 |    36 ||    69
